 Dungeon Crawl Stone Soup version 0.22.1-1-ga44c0e56f4 (webtiles) character file.

2344 LLavrengius the Destroyer (level 9, -17/55 HPs)
             Began as a Gargoyle Fire Elementalist on Sept 27, 2018.
             Killed by miscasting Fireball (27 damage)
             ... in a bailey.
             The game lasted 00:40:57 (6586 turns).

LLavrengius the Destroyer (GrFE)                    Turns: 6586, Time: 00:40:57

Health: -17/55     AC: 12    Str: 13    XL:     9   Next: 43%
Magic:  4/12       EV: 12    Int: 18    God:
Gold:   473        SH:  0    Dex: 10    Spells: 3/12 levels left

rFire    . . .     SeeInvis .   H - +0 shortbow
rCold    . . .     Gourm    .   (shield currently unavailable)
rNeg     + . .     Faith    .   a - +0 robe
rPois    ∞         Spirit   .   o - +2 hat
rElec    +         Reflect  .   j - +0 cloak
rCorr    .         Harm     .   h - +0 pair of gloves (curse)
MR       .....                  (no boots)
Stlth    ++........             (no amulet)
HPRegen  0.18/turn              (no ring)
MPRegen  0.13/turn              (no ring)

@: very slightly contaminated
A: negative energy resistance 1, electricity resistance, unbreathing,
petrification resistance, rot immunity, AC +6
a: no special abilities


You were in a bailey.
You were very hungry.

You visited 1 branch of the dungeon, and saw 7 of its levels.
You also visited: Bailey.

You collected 473 gold pieces.

Inventory:

Hand Weapons
 f - a +1 spear of flaming
 k - a +3 blowgun
 q - a cursed -3 quarterstaff
 r - a +3 spear
 x - a +0 dagger of electrocution
 H - a +0 shortbow (weapon)
 I - a +2 falchion of holy wrath
Missiles
 d - 36 arrows (quivered)
 n - 59 sling bullets
 p - 155 stones
 w - 3 javelins
Armour
 a - a +0 robe (worn)
 e - a +0 shield
 h - a cursed +0 pair of gloves (worn)
 j - a +0 cloak (worn)
 o - a +2 hat (worn)
Jewellery
 C - an uncursed amulet of guardian spirit
Wands
 E - a wand of flame (16)
Scrolls
 b - 5 scrolls of identify
 g - a scroll of enchant weapon
 l - 4 scrolls of teleportation
 s - 2 scrolls of remove curse {unknown}
 y - 5 scrolls of amnesia {unknown}
 B - a scroll of fog {unknown}
 D - a scroll of fear {unknown}
 F - a scroll of enchant armour {unknown}
 J - a scroll of holy word {unknown}
Potions
 i - 2 potions of haste
 m - a potion of brilliance {unknown}
 u - a potion of curing
 v - 2 potions of might
 z - 2 potions of lignification
 A - a potion of resistance {unknown}
 G - a potion of cancellation {unknown}
Comestibles
 c - 12 rations


   Skills:
 + Level 6.0 Fighting
 - Level 2.3 Dodging
 - Level 2.1 Stealth
 - Level 2.0 Spellcasting
 * Level 8.8 Conjurations
 * Level 7.7 Fire Magic


You had 3 spell levels left.
You knew the following spells:

 Your Spells              Type           Power        Failure   Level  Hunger
a - Flame Tongue          Conj/Fire      ####.        1%          1    #......
b - Conjure Flame         Conj/Fire      ####....     1%          3    ###....
c - Fireball              Conj/Fire      ####......   17%         5    ######.

Your spell library contained the following spells:

 Spells                   Type           Power        Failure   Level  Hunger
 Throw Flame              Conj/Fire      ####..       1%          2    ###....
 Inner Flame              Hex/Fire       ###.....     11%         3    ###....
 Sticky Flame             Conj/Fire      ####....     6%          4    #####..


Dungeon Overview and Level Annotations

Branches:
Dungeon (7/15)             Temple (0/1) D:7

Altars:
Kikubaaqudgha

Shops:
D:7 [


Innate Abilities, Weirdness & Mutations

You are resistant to torment.
Your stone body is resilient. (AC +6)
You are immune to poison.
You resist negative energy. (rN+)
You are resistant to electric shocks. (rElec)
You can survive without breathing.
You are immune to petrification.
You are immune to rotting.


Message History

Casting: Flame Tongue (safe; 1% risk of failure)
Confirm with . or Enter, or press ? or * to list all spells.
Aiming: Flame Tongue (safe; 1% risk of failure)
Press: ? - help, Shift-Dir - straight line, f/p - centaur
Aim: a centaur, wielding a halberd and wearing a scale mail (heavily wounded)
Casting: Flame Tongue (safe; 1% risk of failure)
Confirm with . or Enter, or press ? or * to list all spells.
You can't see any susceptible monsters within range! (Use Z to cast anyway.)
Casting: Flame Tongue (safe; 1% risk of failure)
Confirm with . or Enter, or press ? or * to list all spells.
Okay, then.
Casting: Flame Tongue (safe; 1% risk of failure)
Confirm with . or Enter, or press ? or * to list all spells.
Aiming: Fireball (quite dangerous; 17% risk of failure)
Press: ? - help, Shift-Dir - straight line, f/p - centaur
Aim: a centaur, wielding a halberd and wearing a scale mail (heavily wounded)
You miscast Fireball.
You are very lightly contaminated with residual magic.
You are blasted with fire.
You die...

#()≈≈((≈(≈..≈≈..#
#(≈≈)≈≈≈.≈≈≈.≈≈.#
##.≈.≈≈.((.)≈≈.≈(#
#.≈≈.≈)≈≈≈≈≈(≈.≈≈(
#.≈.≈≈.≈...≈.≈≈.≈(
#(≈(≈.≈≈...≈≈.≈.≈.
#(≈.≈.≈.⌠∩⌠.≈.≈.≈.
#(≈(≈.≈..∩..≈.≈.≈.
#.≈)≈.≈@⌠∩⌠.≈.≈.≈.
#.≈.≈.§§...≈≈.≈.≈.
#.≈.≈§.≈...≈.≈≈.≈.
#)≈≈(§.≈≈.≈≈.≈.≈≈.
+..≈.≈≈.≈.≈.≈≈.≈.
#...c.≈≈...≈≈....
#......≈≈≈≈≈.....
#≈≈≈≈.........≈≈≈


You could see a centaur.

Vanquished Creatures
  Joseph (D:7)
  Edmund (D:6)
  An orc warrior (D:6)
  An ice beast (D:6)
  2 phantoms
  2 ogres
  A necrophage (D:7)
  3 centaurs
  A bullfrog (D:7)
  A scorpion (D:5)
  4 crimson imps
  A centaur zombie (D:7)
  3 hounds
  A quasit (D:7)
  A bullfrog zombie (D:5)
  2 orc wizards
  Crazy Yiuf (D:5)
  A gnoll shaman (D:5)
  An orc priest (D:6)
  2 worker ants
  A killer bee zombie (D:5)
  A hound zombie (D:6)
  A hound skeleton (D:7)
  11 gnolls
  9 adders
  2 shadow imps (D:5)
  2 oozes
  3 worms
  2 dart slugs
  6 leopard geckos
  31 orcs
  A ball python (D:2)
  3 giant cockroaches
  11 goblins
  10 hobgoblins
  2 jackals (D:3)
  7 bats
  5 frilled lizards
  A giant cockroach zombie (D:5)
  3 jackal skeletons
  6 kobolds
  A quokka zombie (D:5)
  12 rats
  3 fungi
165 creatures vanquished.

Notes
Turn   | Place    | Note
-------+----------+-------------------------------------------
     0 | D:1      | LLavrengius the Gargoyle Fire Elementalist began the quest
                  | for the Orb.
     0 | D:1      | Reached XP level 1. HP: 10/10 MP: 3/3
   711 | D:1      | Reached XP level 2. HP: 13/16 MP: 5/5
   863 | D:1      | Reached skill level 2 in Conjurations
  1049 | D:1      | Reached skill level 1 in Fighting
  1459 | D:2      | Reached XP level 3. HP: 16/20 MP: 1/6
  1763 | D:2      | Reached skill level 3 in Conjurations
  1763 | D:2      | Reached XP level 4. HP: 26/26 MP: 3/7
  2138 | D:2      | Found an ancient bone altar of Kikubaaqudgha.
  2720 | D:3      | Learned a level 3 spell: Conjure Flame
  2765 | D:3      | Reached XP level 5. HP: 24/30 MP: 5/8
  2854 | D:3      | Reached skill level 4 in Conjurations
  3505 | D:4      | Noticed a phantom
  3533 | D:4      | Killed a phantom
  3533 | D:4      | Reached XP level 6. HP: 35/37 MP: 6/9
  3540 | D:4      | Learned a level 5 spell: Fireball
  3651 | D:4      | Reached skill level 5 in Conjurations
  4031 | D:5      | Entered Level 5 of the Dungeon
  4079 | D:5      | Reached XP level 7. HP: 35/41 MP: 10/10
  4636 | D:5      | Found a runed door.
  4640 | D:5      | Noticed Crazy Yiuf
  4645 | D:5      | Killed Crazy Yiuf
  4731 | D:5      | Reached skill level 6 in Conjurations
  4811 | D:5      | Reached skill level 5 in Fire Magic
  4898 | D:5      | Reached XP level 8. HP: 42/48 MP: 11/11
  5510 | D:6      | Reached skill level 7 in Conjurations
  5758 | D:6      | Reached skill level 5 in Fighting
  5797 | D:6      | Noticed Edmund
  5829 | D:6      | Killed Edmund
  6283 | D:7      | Noticed Joseph
  6313 | D:7      | Reached skill level 8 in Conjurations
  6313 | D:7      | Reached XP level 9. HP: 54/54 MP: 6/12
  6347 | D:7      | Found Ucomoaj's Armour Emporium.
  6418 | D:7      | Killed Joseph
  6419 | D:7      | Found a flagged portal.
  6449 | Bailey   | Entered a bailey
  6586 | Bailey   | Killed by miscasting Fireball

Skill      XL: |  1  2  3  4  5  6  7  8  9 |
---------------+----------------------------+-----
Conjurations   | 2 3 4 5 6 8 |  8.8
Fighting       | 1 2 3 4 5 6 |  6.0
Dodging        | 2 |  2.3
Fire Magic     | 4 5 7 |  7.7
Stealth        | |  2.1
Spellcasting   | |  2.0

Action                   |  1- 3 |  4- 6 |  7- 9 || total
-------------------------+-------+-------+-------++-------
Melee: Unarmed           |    25 |       |       ||    25
       Club              |    34 |    20 |       ||    54
       Spear             |       |    81 |       ||    81
       Dagger            |       |   117 |   140 ||   257
 Fire: Blowgun           |       |       |    42 ||    42
       Shortbow          |       |       |     9 ||     9
Throw: Javelin           |     3 |     6 |    11 ||    20
       Stone             |       |       |     1 ||     1
 Cast: Flame Tongue      |    34 |    44 |   131 ||   209
       Conjure Flame     |       |       |     7 ||     7
  Use: Scroll            |       |       |     8 ||     8
 Stab: Sleeping          |     4 |     5 |       ||     9
  Eat: Chunk             |     3 |     8 |     7 ||    18
       Ration            |       |       |     1 ||     1
Armor: Robe              |    24 |    91 |    86 ||   201
Dodge: Dodged            |    51 |   129 |    91 ||   271
